 Dungeon Crawl Stone Soup version 0.22.1-6-g1668fe2 (webtiles) character file.

170 Fang the Chopper (level 5, -2/33 HPs)
             Began as a Gargoyle Berserker on Feb 4, 2019.
             Was a Believer of Trog.
             Slain by Grinder (3 damage)
             ... while paralysed by Grinder
             ... on level 3 of the Dungeon.
             The game lasted 00:04:03 (2445 turns).

Fang the Chopper (Gargoyle Berserker)               Turns: 2445, Time: 00:04:04

Health: -2/33      AC: 13    Str: 22    XL:     5   Next: 51%
Magic:  5/5        EV:  2    Int:  7    God:    Trog [**....]
Gold:   111        SH:  0    Dex:  9    Spells: 4/4 levels left

rFire    . . .     SeeInvis +   a - +0 hand axe
rCold    . . .     Gourm    .   (no shield)
rNeg     + . .     Faith    .   f - +0 chain mail
rPois    ∞         Spirit   .   (no helmet)
rElec    +         Reflect  .   (no cloak)
rCorr    .         Harm     .   (no gloves)
MR       .....                  (no boots)
Stlth    ..........             (no amulet)
HPRegen  0.11/turn              e - ring of see invisible
MPRegen  0.09/turn              (no ring)

@: paralysed
A: negative energy resistance 1, electricity resistance, unbreathing,
petrification resistance, rot immunity, AC +4
a: Berserk, Trog's Hand, Renounce Religion


You were on level 3 of the Dungeon.
You worshipped Trog.
Trog was pleased with you.
You were not hungry.

You visited 1 branch of the dungeon, and saw 3 of its levels.

You collected 111 gold pieces.

Inventory:

Hand Weapons
 a - a +0 hand axe (weapon)
Armour
 f - a +0 chain mail (worn)
Jewellery
 e - a ring of see invisible (left hand)
Scrolls
 b - 3 scrolls of teleportation {unknown}
 d - 2 scrolls of enchant armour {unknown}
 g - a scroll of magic mapping {unknown}
 j - a scroll of remove curse {unknown}
 k - a scroll of random uselessness {unknown}
 l - 2 scrolls of identify {unknown}
 n - a scroll of amnesia {unknown}
 o - a scroll of fog {unknown}
 p - a scroll of enchant weapon {unknown}
Potions
 h - a potion of agility {unknown}
 i - a potion of degeneration {unknown}
Comestibles
 c - 10 rations


   Skills:
 + Level 4.1 Fighting
 + Level 4.6 Axes
 + Level 2.8 Armour
 + Level 1.9 Dodging
 + Level 0.2 Stealth


You had 4 spell levels left.
You didn't know any spells.
Your spell library was empty.

Dungeon Overview and Level Annotations

Branches:
Dungeon (3/15)

Altars:

Annotations:
D:3 Grinder


Innate Abilities, Weirdness & Mutations

You are resistant to torment.
Your stone body is resilient. (AC +4)
You are immune to poison.
You resist negative energy. (rN+)
You are resistant to electric shocks. (rElec)
You can survive without breathing.
You are immune to petrification.
You are immune to rotting.


Message History

Grinder is almost dead.
Grinder gestures at you. Pain shoots through your body!
You barely miss Grinder.
Grinder is almost dead.
Grinder hits you but does no damage.
You hit Grinder but do no damage.
Grinder is almost dead.
Grinder gestures at you.
You suddenly lose the ability to move!
Grinder hits you.
* * * LOW HITPOINT WARNING * * *
Grinder completely misses you. Grinder hits you but does no damage.
Grinder hits you.
* * * LOW HITPOINT WARNING * * *
You writhe in agony.
* * * LOW HITPOINT WARNING * * *
Grinder hits you.
You die...

#.# #.# #.# #.# #.# #.#
##################.#
####.....!.......>....#
.......<@5.############
####.#####.# # #?# #.#
#.# #.# #.#


You could see Grinder.

Vanquished Creatures
  Jessica (D:2)
  Terence (D:2)
  3 adders
  2 oozes
  3 worms
  5 dart slugs
  A leopard gecko (D:3)
  2 orcs (D:3)
  2 giant cockroaches (D:2)
  8 goblins
  6 hobgoblins
  5 jackals (D:2)
  3 quokkas (D:2)
  A ball python (D:3)
  4 bats
  4 frilled lizards
  6 kobolds
  5 rats
62 creatures vanquished.

Notes
Turn   | Place    | Note
-------+----------+-------------------------------------------
     0 | D:1      | Fang the Gargoyle Berserker began the quest for the Orb.
     0 | D:1      | Reached XP level 1. HP: 14/14 MP: 1/1
   143 | D:1      | Reached XP level 2. HP: 17/19 MP: 2/2
   590 | D:1      | Reached XP level 3. HP: 24/24 MP: 3/3
  1459 | D:2      | Noticed Jessica
  1467 | D:2      | Killed Jessica
  1467 | D:2      | Reached XP level 4. HP: 28/29 MP: 4/4
  1472 | D:2      | Reached ** piety under Trog
  1666 | D:2      | Noticed Terence
  1687 | D:2      | Killed Terence
  1687 | D:2      | Reached XP level 5. HP: 18/33 MP: 5/5
  2289 | D:3      | Noticed Grinder
  2301 | D:3      | Paralysed by Grinder for 3 turns
  2425 | D:3      | Paralysed by Grinder for 7 turns
  2440 | D:3      | Paralysed by Grinder for 7 turns
  2444 | D:3      | HP: 1/33 [Grinder (1)]
  2445 | D:3      | Slain by Grinder

Skill      XL: |  1  2  3  4 |
---------------+-------------+-----
Axes           | 3 4 |  4.6
Fighting       | 4 |  4.1
Armour         | |  2.8
Dodging        | |  1.9
Stealth        | |  0.2

Action                   |  1- 3 |  4- 6 || total
-------------------------+-------+-------++-------
Melee: Hand axe          |   125 |   179 ||   304
 Stab: Sleeping          |     1 |       ||     1
  Eat: Chunk             |     2 |     3 ||     5
Armor: Animal skin       |    10 |       ||    10
       Chain mail        |    52 |   107 ||   159
Dodge: Dodged            |    65 |    62 ||   127
